 Dungeon Crawl Stone Soup version 0.19-a0-559-ga3d69d0 (webtiles) character file.

127 ololoev the Firebug (level 4, -1/24 HPs)
             Began as a Deep Elf Fire Elementalist on June 8, 2016.
             Slain by a gnoll
             ... wielding a +0 whip
              (4 damage)
             ... on level 4 of the Dungeon.
             The game lasted 00:11:18 (1198 turns).

ololoev the Firebug (Deep Elf Fire Elementalist)    Turns: 1198, Time: 00:11:19

Health: -1/24      AC:  3    Str:  5    XL:     4   Next: 85%
Magic:  3/12       EV: 13    Int: 21    God:
Gold:   178        SH:  0    Dex: 15    Spells: 4 memorised, 0 levels left

rFire  . . .     SeeInvis .     a - +1 whip (elec)
rCold  . . .     Gourm    .     d - +0 robe
rNeg   . . .     Faith    .     (no shield)
rPois  .         Spirit   .     (no helmet)
rElec  .         Dismiss  .     h - +0 cloak
rCorr  .         Reflect  .     (no gloves)
SustAt .         Harm     .     (no boots)
MR     .....                    r - amulet of regeneration
Stlth  ++........               (no ring)
                                (no ring)

@: not resistant to hostile enchantments, unstealthy
A: no striking features
a: no special abilities

Inventory:

Hand Weapons
 a - a +1 whip of electrocution (weapon)
Armour
 d - a +0 robe (worn)
 h - a +0 cloak (worn)
Jewellery
 e - a +6 amulet of reflection
 r - an amulet of regeneration (around neck)
Scrolls
 f - 4 scrolls of identify {unknown}
 i - a scroll of noise {unknown}
 k - 2 scrolls of remove curse {unknown}
 n - a scroll of recharging {unknown}
 p - a scroll of enchant weapon {unknown}
 q - a scroll of magic mapping {unknown}
 s - a scroll of blinking {unknown}
Potions
 g - a potion of cancellation {unknown}
 j - 3 potions of curing {unknown}
 l - a potion of cure mutation {unknown}
 m - 2 potions of brilliance {unknown}
 o - 2 potions of flight {unknown}
Books
 b - a book of Flames

   Spells                             Type                      Level
   a - Flame Tongue                   Conjuration/Fire             1
   b - Throw Flame                    Conjuration/Fire             2
   c - Conjure Flame                  Conjuration/Fire             3
   d - Inner Flame                    Hexes/Fire                   3
   e - Sticky Flame                   Conjuration/Fire             4
   f - Fireball                       Conjuration/Fire             5
Comestibles
 c - 4 bread rations
 t - a meat ration


   Skills:
 - Level 2.4 Dodging
 - Level 2.4 Stealth
 + Level 4.2 Spellcasting
 * Level 3.5 Conjurations
 + Level 4.3 Fire Magic


You couldn't memorise any spells.
You knew the following spells:

 Your Spells              Type           Power        Failure   Level  Hunger
a - Flame Tongue          Conj/Fire      ###..        1%          1    None
b - Conjure Flame         Conj/Fire      ###.....     10%         3    ###....
c - Sticky Flame          Conj/Fire      ###.....     24%         4    ####...
e - Inner Flame           Hex/Fire       ##......     17%         3    ###....


You were on level 4 of the Dungeon.
You were very hungry.

You visited 1 branch of the dungeon, and saw 5 of its levels.

You collected 178 gold pieces.

.................#
.......
.................# ......
..>..............# ....#
##.#######.###### ....#
##.# #....# #...# ...#
#.#############...#
'######.................#
[.......................#
................@gg.....#
........#############...#
..#####.# #...# ..# #.#
#...# ..# #.. ....# ..#
### #.#.# ..#.# ###.# .#

Notes
Turn   | Place    | Note
--------------------------------------------------------------
     0 | D:1      | ololoev the Deep Elf Fire Elementalist began the quest for the Orb.
     0 | D:1      | Reached XP level 1. HP: 10/10 MP: 6/6
   206 | D:1      | Reached XP level 2. HP: 9/15 MP: 6/8
   325 | D:2      | Found a blossoming altar of Fedhas.
   334 | D:2      | Reached XP level 3. HP: 14/19 MP: 1/10
   339 | D:2      | Learned a level 3 spell: Conjure Flame
   343 | D:2      | Learned a level 3 spell: Inner Flame
   430 | D:2      | Found a sparkling altar of Nemelex Xobeh.
   430 | D:2      | Found a stormy altar of Qazlal.
   431 | D:2      | Found an oddly glowing altar of Pakellas.
   465 | D:2      | Found an opulent altar of Gozag.
   592 | D:3      | Reached XP level 4. HP: 24/24 MP: 1/12
   900 | D:4      | Learned a level 4 spell: Sticky Flame
  1151 | D:5      | Entered Level 5 of the Dungeon
  1198 | D:4      | Slain by a gnoll

Dungeon Overview and Level Annotations

Branches:
Dungeon (5/15)
 Temple: D:4-7

Altars:
Fedhas
Gozag
Nemelex Xobeh
Pakellas
Qazlal


Message History

Casting: Flame Tongue
Confirm with . or Enter, or press ? or * to list all spells.
Aiming: Flame Tongue
Press: ? - help, Shift-Dir - straight line, f/p - gnoll
Aim: a gnoll (lightly wounded)
The flame tongue misses the gnoll.
The gnoll shouts!
Casting: Flame Tongue
Confirm with . or Enter, or press ? or * to list all spells.
Aiming: Flame Tongue
Press: ? - help, Shift-Dir - straight line, f/p - gnoll
Aim: a gnoll (lightly wounded)
The flame tongue hits the gnoll.
The gnoll appears unharmed.
The gnoll is lightly wounded.
Casting: Flame Tongue
Confirm with . or Enter, or press ? or * to list all spells.
Aiming: Flame Tongue
Press: ? - help, Shift-Dir - straight line, f/p - gnoll
Aim: a gnoll (lightly wounded)
The flame tongue hits the gnoll.
The gnoll is moderately wounded.
The gnoll hits you!
Casting: Flame Tongue
Confirm with . or Enter, or press ? or * to list all spells.
Aiming: Flame Tongue
Press: ? - help, Shift-Dir - straight line, f/p - gnoll
Aim: a gnoll (moderately wounded)
The flame tongue hits the gnoll.
You kill the gnoll!
Casting: Flame Tongue
Confirm with . or Enter, or press ? or * to list all spells.
Aiming: Flame Tongue
Press: ? - help, Shift-Dir - straight line, f - gnoll
Aim: a gnoll, wielding a whip The flame tongue hits the gnoll.
The gnoll is moderately wounded.
The gnoll shouts!
The gnoll closely misses you.
Casting: Flame Tongue
Confirm with . or Enter, or press ? or * to list all spells.
Aiming: Flame Tongue
Press: ? - help, Shift-Dir - straight line, f/p - gnoll
Aim: a gnoll, wielding a whip (moderately wounded)
The flame tongue hits the gnoll.
The gnoll appears unharmed.
The gnoll is moderately wounded.
The gnoll hits you with a whip!
Casting: Flame Tongue
Confirm with . or Enter, or press ? or * to list all spells.
Aiming: Flame Tongue
Press: ? - help, Shift-Dir - straight line, f/p - gnoll
Aim: a gnoll, wielding a whip (moderately wounded)
The flame tongue hits the gnoll.
The gnoll is almost dead.
The gnoll hits you but does no damage.
Casting: Flame Tongue
Confirm with . or Enter, or press ? or * to list all spells.
Aiming: Flame Tongue
Press: ? - help, Shift-Dir - straight line, f/p - gnoll
Aim: a gnoll, wielding a whip (almost dead)
The flame tongue misses the gnoll.
The flame tongue hits the gnoll.
The gnoll appears unharmed.
The gnoll hits you from afar with a spear.
The gnoll hits you but does no damage.
Casting: Flame Tongue
Confirm with . or Enter, or press ? or * to list all spells.
Aiming: Flame Tongue
Press: ? - help, Shift-Dir - straight line, f/p - gnoll
Aim: a gnoll, wielding a whip (almost dead)
The flame tongue misses the gnoll.
The flame tongue hits the gnoll.
The gnoll is severely wounded.
The gnoll hits you with a whip.
Casting: Flame Tongue
Confirm with . or Enter, or press ? or * to list all spells.
Aiming: Flame Tongue
Press: ? - help, Shift-Dir - straight line, f/p - gnoll
Aim: a gnoll, wielding a whip (almost dead)
The flame tongue misses the gnoll. x2
The gnoll hits you from afar with a spear.
The gnoll hits you with a whip.
You die...

You could see 2 gnolls.

Vanquished Creatures
  A worker ant (D:4)
  A gnoll (D:4)
  4 adders
  3 orcs (D:3)
  2 ball pythons
  7 bats
  2 giant cockroaches
  5 goblins
  8 hobgoblins
  6 jackals
  5 kobolds
  A quokka (D:4)
  A giant gecko skeleton (D:4)
  4 giant newts
  6 rats
56 creatures vanquished.

Action                   |  1- 3 |  4- 6 || total
-------------------------+-------+-------++-------
Melee: Dagger            |     8 |       ||     8
       Whip              |       |    17 ||    17
 Cast: Flame Tongue      |    50 |    41 ||    91
       Conjure Flame     |     1 |       ||     1
       Inner Flame       |     1 |       ||     1
Armor: Robe              |     9 |     3 ||    12
Dodge: Dodged            |    21 |    21 ||    42
Block: Other             |     7 |     6 ||    13
       Reflection        |       |     1 ||     1

Vault maps used:
D:1:      dpeg_arrival_signposts
D:2:      gammafunk_temple_overflow_claw,
          nicolae_gozag_cash_rules_everything_around_me, lemuel_round_altar,
          first_bread
D:3:      kennysheep_minor_cross, hex_large
D:5:      elyvilon_altar_4, minmay_temple_entry_glass
